 Dungeon Crawl Stone Soup version 0.30-a0-883-g5ad918d77d (webtiles) character file.

Game seed: 1585526810582460674

621 Pimp the Vexing (level 7, -7/51 HPs)
             Began as a Formicid Wanderer on Mar 16, 2023.
             Was a Believer of Vehumet.
             Mangled by an orc warrior
             ... wielding a +0 mace
              (10 damage)
             ... on level 6 of the Dungeon.
             The game lasted 00:09:54 (4240 turns).

Pimp the Vexing (Formicid Wanderer)                 Turns: 4240, Time: 00:09:54

Health: -7/51      AC:  6    Str: 12    XL:     7   Next: 75%
Magic:  11/11      EV: 12    Int: 18    God:    Vehumet [**....]
Gold:   321        SH:  0    Dex: 16    Spells: 2/11 levels left

rFire   + . .      SeeInvis +    p - +3 short sword (heavy)
rCold   + . .      Faith    .    (no shield)
rNeg    . . .      Spirit   .    c - +0 robe
rPois   .          Reflect  .    (helmet unavailable)
rElec   +          Rampage  .    o - +0 cloak
rCorr   .                        h - +0 pair of gloves
Will    .....                    (no boots)
Stlth   +                        f - amulet "Fureiren" {Regen+ Int+3}
HPRegen 1.08/turn                e - ring of protection from fire
MPRegen 0.12/turn                k - ring of protection from cold

@: no status effects
A: permanent stasis, dig shafts and tunnels, antennae 3, four strong arms,
iridescent scales 1, mutation resistance 1, electricity resistance
a: Dig, Shaft Self, Renounce Religion


You were on level 6 of the Dungeon.
You worshipped Vehumet.
Vehumet was pleased with you.
You visited 1 branch of the dungeon, and saw 6 of its levels.

You collected 321 gold pieces.

Inventory:

Hand Weapons
 a - a +0 dagger
 g - a +0 short sword
 p - a +3 heavy short sword (weapon)
Missiles
 i - 2 atropa-tipped darts
 q - 3 throwing nets
Armour
 c - a +0 robe (worn)
 h - a +0 pair of gloves (worn)
 o - a +0 cloak (worn)
Jewellery
 e - a ring of protection from fire (left hand)
 f - the amulet "Fureiren" (around neck) {Regen+ Int+3}
   (You acquired it on level 2 of the Dungeon)

   [amulet of regeneration]

   Int:       It affects your intelligence (+3).
   Regen:     It increases your rate of health regeneration.
 k - a ring of protection from cold (right hand)
Wands
 b - a wand of charming (8)
Scrolls
 m - 3 scrolls of identify
Potions
 n - 2 potions of attraction
 v - a potion of mutation
Miscellaneous
 d - a piece from Xom's chessboard (15/15) (quivered)


   Skills:
 + Level 2.6 Fighting
 + Level 2.2 Short Blades
 + Level 3.2 Armour
 + Level 2.5 Dodging
 + Level 2.8 Spellcasting
 + Level 5.8 Hexes
 + Level 0.1 Earth Magic
 + Level 3.6 Poison Magic
 + Level 3.6 Evocations


You had 2 spell levels left.
You knew the following spells:

 Your Spells              Type           Power      Damage    Failure   Level
a - Sting                 Tmut/Pois      36%        1d4       8%          1
b - Spider Form           Tmut/Pois      9%         N/A       24%         3
c - Inner Flame           Hex/Fire       13%        N/A       16%         3
d - Magic Dart            Conj           8%         1d3       17%         1
e - Sandblast             Erth           6%         2d5       16%         1

Your spell library contained the following spells:

 Spells                   Type           Power      Damage    Failure   Level
 Slow                     Hex            92%        N/A       1%          1
 Tukima's Dance           Hex            23%        N/A       4%          3
 Frozen Ramparts          Ice            4%         1d1       45%         3
 Ice Form                 Ice/Tmut       2%         N/A       86%         4
 Manifold Assault         Tloc           2%         N/A       86%         4
 Summon Ice Beast         Ice/Summ       2%         N/A       86%         4
 Storm Form               Tmut/Air       1%         N/A       100%        7
 Blink                    Tloc           Unusable   N/A       N/A         2

Dungeon Overview and Level Annotations

Branches:
Dungeon (6/15)
 Temple: D:4-7

Altars:
Ashenzari
Hepliaklqana
Sif Muna
Vehumet

Shops:
D:3 ?


Innate Abilities, Weirdness & Mutations

You cannot be hasted, slowed, berserked, paralysed or teleported.
You can dig through walls and to a lower floor.
You have a pair of large antennae on your head. (SInv)
Your four strong arms can wield two-handed weapons with a shield.
You are partially covered in iridescent scales. (AC +2)
You are somewhat resistant to further mutation.
You are resistant to electric shocks. (rElec)


Message History

The orc wizard hits you with a +0 dagger.
An orc warrior comes into view. It is wielding a +0 mace.
You closely miss the orc wizard.
The orc wizard is severely wounded.
The orc priest sings a few bars from the Orcish anthem.
The orc wizard hits you but does no damage.
An orc priest comes into view. It is wielding a +0 hand axe.
You puncture the orc wizard!
You kill the orc wizard!
Vehumet accepts your kill.
The orc priest hits you but does no damage.
Things that are here:
a +0 dagger; a +0 robe You hit the orc warrior but do no damage.
The orc priest looks encouraged for a moment.
The orc warrior barely misses you.
You hit the orc warrior.
The orc warrior is lightly wounded.
The orc priest calls down the wrath of Beogh upon you.
Beogh smites you! The orc warrior completely misses you.
You hit the orc warrior.
The orc warrior is moderately wounded.
The orc priest barely misses you. The orc warrior misses you.
The orc priest calls down the wrath of Beogh upon you.
Beogh smites you! The orc warrior closely misses you.
The orc priest hits you from afar with a +0 trident.
You hit the orc warrior.
The orc warrior is moderately wounded.
The orc priest hits you from afar with a +0 trident.
The orc warrior hits you but does no damage.
The orc priest mumbles some strange prayers to Beogh against you.
Beogh smites you!
* * * LOW HITPOINT WARNING * * *
Okay, then.
The orc warrior attacks as you move away!
The orc warrior hits you with a +0 mace!
* * * LOW HITPOINT WARNING * * *
The orc warrior attacks as you move away!
The orc warrior hits you with a +0 mace!
You die...

# ..... .#. .....
.... ....###### #...
#.......#
#....####......#
#...).##.....########
#.###.o.o...........#
####............#
##.o@........#
#....#......#
#>...#......#
#....#.....<#
#....#<.....#
######......#
#......# #......#
########


You could see an orc warrior and 2 orc priests.

Vanquished Creatures
  An ice beast (D:5)
  A scorpion (D:4)
  A howler monkey (D:5)
  A hound (D:5)
  A jelly (D:5)
  3 orc wizards
  Natasha (D:2)
  Terence (D:2)
  7 gnolls
  6 river rats (D:5)
  2 adders
  A white imp (D:5)
  An ufetubus (D:6)
  A worm (D:2)
  2 dart slugs
  8 orcs (D:5)
  8 bats
  9 endoplasms
  5 goblins
  3 hobgoblins
  9 quokkas
  6 ball pythons
  4 frilled lizards
  3 kobolds
  19 rats
104 creatures vanquished.

Notes
Turn   | Place    | Note
-------+----------+-------------------------------------------
     0 | D:1      | Pimp the Formicid Wanderer began the quest for the Orb.
     0 | D:1      | Pimp set off with the following items: a +0 dagger, a
                  | scroll of fog, a +0 robe, a piece from Xom's chessboard
                  | (15/15); and the following spells available to memorise:
                  | Slow, Sting, Tukima's Dance, Inner Flame, Spider Form.
     0 | D:1      | Reached XP level 1. HP: 13/13 MP: 2/2
     6 | D:1      | Learned a level 1 spell: Sting
   172 | D:1      | Reached XP level 2. HP: 15/19 MP: 0/3
   728 | D:1      | Reached XP level 3. HP: 22/25 MP: 2/4
   941 | D:2      | Learned a level 3 spell: Spider Form
  1036 | D:2      | Gained mutation: Your body sometimes deteriorates upon
                  | taking damage. [potion of mutation]
  1036 | D:2      | Gained mutation: Your flesh is cold resistant. (rC+)
                  | [potion of mutation]
  1037 | D:2      | Lost mutation: Your body sometimes deteriorates upon taking
                  | damage. [potion of mutation]
  1037 | D:2      | Lost mutation: Your flesh is cold resistant. (rC+) [potion
                  | of mutation]
  1037 | D:2      | Gained mutation: You are resistant to electric shocks.
                  | (rElec) [potion of mutation]
  1037 | D:2      | Gained mutation: You are somewhat resistant to further
                  | mutation. [potion of mutation]
  1037 | D:2      | Gained mutation: You are partially covered in iridescent
                  | scales. (AC +2) [potion of mutation]
  1144 | D:2      | Reached skill level 5 in Hexes
  1182 | D:2      | Identified a scroll of acquirement
  1182 | D:2      | Acquired the amulet "Fureiren" {Regen+ Int+3}
  1248 | D:2      | Noticed Natasha
  1258 | D:2      | Killed Natasha
  1259 | D:2      | Reached skill level 1 in Fighting
  1259 | D:2      | Reached skill level 1 in Short Blades
  1259 | D:2      | Reached XP level 4. HP: 28/32 MP: 3/6
  1445 | D:2      | Found a radiant altar of Vehumet.
  1447 | D:2      | Noticed Terence
  1461 | D:2      | Killed Terence
  1473 | D:2      | Became a worshipper of Vehumet
  1568 | D:2      | Found a faded altar of an unknown god.
  1605 | D:2      | Reached XP level 5. HP: 37/37 MP: 7/7
  2087 | D:3      | Learned a level 3 spell: Inner Flame
  2407 | D:3      | Found a broken altar of Ashenzari.
  2410 | D:3      | Found a shimmering blue altar of Sif Muna.
  2418 | D:3      | Found a hazy altar of Hepliaklqana.
  2772 | D:3      | Found Jupis's Magic Scroll Shoppe.
  3403 | D:5      | Entered Level 5 of the Dungeon
  3425 | D:5      | Reached XP level 6. HP: 44/44 MP: 9/9
  3581 | D:5      | Reached * piety under Vehumet
  3581 | D:5      | Offered knowledge of Magic Dart by Vehumet.
  3623 | D:5      | Learned a level 1 spell: Magic Dart
  3715 | D:5      | Reached XP level 7. HP: 45/50 MP: 10/10
  4016 | D:5      | Reached ** piety under Vehumet
  4016 | D:5      | Offered knowledge of Sandblast by Vehumet.
  4043 | D:5      | Learned a level 1 spell: Sandblast
  4239 | D:6      | HP: 2/51 [orc warrior/+0 mace (10)]
  4240 | D:6      | Mangled by an orc warrior

Illustrated notes

Levels and vault maps discovered:
D:1:      minmay_arrival_glassed_features, layout_basic
D:2:      layout_basic, shapermc_ecumenical_altar_venn, basic_altar,
          corexii_item_surrounded_by_moat, uniq_terence, uniq_natasha
D:3:      layout_basic, chequers_temple_overflow_statue_of_worship,
          serial_forest, infiniplex_forest_straight_3, infiniplex_forest_end_3,
          infiniplex_forest_lined_3_way, infiniplex_forest_join,
          infiniplex_forest_lined_room_3, infiniplex_forest_lined_4_way,
          infiniplex_forest_straight_3, infiniplex_forest_lined_corner,
          serial_shops, shop
D:4:      layout_gridville
D:5:      lemuel_ratsnest, layout_basic
D:6:      layout_rooms

Skill      XL: |  1  2  3  4  5  6  7 |
---------------+----------------------+-----
Hexes          | 5 |  5.8
Poison Magic   | 2 3 |  3.6
Fighting       | 1 2 |  2.6
Short Blades   | 1 2 |  2.2
Armour         | 2 3 |  3.2
Spellcasting   | 2 |  2.8
Dodging        | 2 |  2.5
Evocations     | 3 |  3.6
Earth Magic    | |  0.1

Action                     |  1- 3 |  4- 6 |  7- 9 || total
---------------------------+-------+-------+-------++-------
  Melee: Dagger            |    35 |       |       ||    35
         Short sword       |    79 |   152 |    90 ||   321
         Punch             |     1 |     1 |       ||     2
   Cast: Sting             |    14 |     4 |       ||    18
         Magic Dart        |       |     2 |       ||     2
  Evoke: Piece from Xom's  |     2 |       |       ||     2
    Use: Scroll            |     2 |     7 |     2 ||    11
         Potion            |     2 |     8 |       ||    10
   Stab: Sleeping          |     2 |     2 |       ||     4
 Armour: Robe              |    63 |    39 |    26 ||   128
  Dodge: Dodged            |   112 |    89 |    66 ||   267

Table legend: (Time is in decaauts)
 A = Elapsed time spent in this place.
 B = Non-inter-level travel time spent in this place.
 C = Inter-level travel time spent in this place.
 D = Time resting spent in this place.
 E = Time spent auto-exploring this place.
 F = Levels seen in this place.
 G = Mean time per level.
                   A        B        C        D        E       F      G
               +--------+--------+--------+--------+--------+-----+--------+
         Total |   4247 |   3992 |    255 |    470 |   2493 |   6 |  707.8 |
       Dungeon |   4247 |   3992 |    255 |    470 |   2493 |   6 |  707.8 |
               +--------+--------+--------+--------+--------+-----+--------+

Top non-repeatable levels by time:
     D:3: 1054 daAuts
     D:2: 1023 daAuts
     D:1: 913 daAuts
     D:5: 745 daAuts
     D:4: 463 daAuts
     D:6: 46 daAuts
